Description

Calyx 3 reaper 2 Hellion

VOD

https://youtu.be/NLqBlueQ0bY

Replay - BigHorn v GetaJob - Tokamak LE

Build Order

Get SALT Encoding   

  12  0:00  SCV  
  13  0:12  SCV  
  14  0:17  Supply Depot  
  14  0:24  SCV  
  15  0:38  SCV  
  15  0:39  Barracks  
  16  0:44  Refinery  
  16  0:50  SCV  
  16  0:52  Refinery  
  17  1:02  SCV  
  18  1:14  SCV  
  19  1:26  Reaper, Orbital Command  
  19  1:27  Supply Depot  
  20  1:41  Factory  
  20  1:52  SCV  
  21  1:58  Barracks Reactor  
  21  2:04  SCV  
  22  2:16  SCV  
  22  2:17  Command Center  
  23  2:25  Hellion  
  25  2:30  Supply Depot  
  25  2:36  Reaper x2  
  28  2:46  Hellion  
  31  3:00  Starport  
  32  3:07  Marine x2, Factory Tech Lab  
  35  3:28  Marine x2  
  38  3:41  Supply Depot, Factory Tech Lab  
  38  3:44  Banshee, Cloaking Field  
  41  3:49  Marine x2  
  41  3:50  Orbital Command  
  43  4:03  Siege Tank  
  43  4:06  Marine x2  
  43  4:09  Supply Depot  
  51  4:27  Banshee  
  51  4:28  Bunker  
  55  4:33  Barracks  
  56  4:43  Siege Tank  
  56  4:44  Refinery  
  59  4:46  Marine x2  
  67  5:08  Barracks  
  61  5:17  Refinery  
  61  5:21  Engineering Bay, Starport Reactor  
  65  5:32  Factory Reactor  
  65  5:39  Marauder  
  71  5:45  Stimpack  
  73  6:09  Terran Infantry Weapons Level 1  
  69  6:12  Widow Mine x2, Marauder  
  69  6:16  Command Center  
  69  6:17  Combat Shield  
  75  6:23  Marauder  
  81  6:28  Barracks x2  
  81  6:37  Widow Mine x2  
  81  6:39  Marauder  
  87  6:45  Medivac x2  
  93  6:53  Marauder  
  97  7:09  Engineering Bay, Factory Tech Lab  
  97  7:10  Armory, Missile Turret  
  97  7:14  Medivac x2  
  101  7:19  Marauder x2  
  107  7:43  Marauder x3  
  112  7:47  Concussive Shells, Factory Reactor  
  119  8:09  Orbital Command  
  86  8:55  Terran Infantry Weapons Level 2, Terran Infantry Armor Level 1  
  87  9:00  Medivac x2  
  87  9:01  Widow Mine x2  
  95  9:06  Barracks Tech Lab  
  110  9:25  Widow Mine x2  
  110  9:29  Ghost Academy  
  116  9:59  Command Center  
Spawning Tool Build Advisor. Get it on Overwolf

Go to:

Details

  • Created by: Tricky
  • Published on: Dec 29, 2025
  • Modified on: Dec 29, 2025
  • Patch: 5.0.11
  • Difficulty: Medium
Show
View Real Time Build Order
Export as new Build Order

Comments (0)

There are no comments. Be the first!

Create an account to comment!